 Dungeon Crawl Stone Soup version 0.27-a0-93-g19769c27d7 (webtiles) character file.

Game seed: 2599076701534572357

45 MaxHavoc the Chopper (level 3, 0/33 HPs)
             Began as a Hill Orc Berserker on Jan 17, 2021.
             Was a Believer of Trog.
             Slain by an orc
             ... wielding a +0 trident
              (1 damage)
             ... on level 2 of the Dungeon.
             The game lasted 00:21:26 (1379 turns).

MaxHavoc the Chopper (Hill Orc Berserker)           Turns: 1379, Time: 00:21:27

Health: 0/33       AC:  3    Str: 20    XL:     3   Next: 64%
Magic:  3/3        EV: 12    Int:  7    God:    Trog [**....]
Gold:   60         SH:  0    Dex: 10    Spells: 2/2 levels left

rFire    . . .     SeeInvis .   a - +0 hand axe
rCold    . . .     Faith    .   (no shield)
rNeg     . . .     Spirit   .   m - +0 leather armour
rPois    .         Reflect  .   (no helmet)
rElec    .         Harm     .   (no cloak)
rCorr    .         Rampage  .   (no gloves)
Will     .....                  (no boots)
Stlth    +.........             (no amulet)
HPRegen  0.11/turn              (no ring)
MPRegen  0.08/turn              (no ring)

@: no status effects
A: no striking features
a: Renounce Religion, Berserk, Trog's Hand


You were on level 2 of the Dungeon.
You worshipped Trog.
Trog was pleased with you.
You visited 1 branch of the dungeon, and saw 2 of its levels.

You collected 60 gold pieces.

Inventory:

Hand Weapons
 a - a +0 hand axe (weapon)
Missiles
 e - 34 sling bullets
 j - 11 stones (quivered)
Armour
 m - a +0 leather armour (worn)
Scrolls
 b - a scroll of immolation {unknown}
 d - a scroll of enchant weapon {unknown}
 f - a scroll of teleportation {unknown}
 g - a scroll of fear {unknown}
 i - 3 scrolls of identify {unknown}
 k - a scroll of remove curse {unknown}
Potions
 c - a potion of invisibility {unknown}
 l - a potion of cancellation {unknown}


   Skills:
 * Level 4.1 Fighting
 * Level 4.6 Axes
 * Level 2.8 Armour
 * Level 2.0 Dodging


You had 2 spell levels left.
You didn't know any spells.
Your spell library was empty.

Dungeon Overview and Level Annotations

Branches:
Dungeon (2/15)

Altars:


Message History

The orc hits you from afar with a +0 trident.
The orc warrior hits you with a +0 flail.
The adder hisses angrily.
You hit the orc warrior.
The orc warrior is lightly wounded.
The orc barely misses you. The orc warrior barely misses you.
You closely miss the orc warrior.
The orc warrior is lightly wounded.
The orc hits you from afar with a +0 trident.
The orc warrior hits you with a +0 flail!!
Ouch! That really hurt!
* * * LOW HITPOINT WARNING * * *
Throw: 12 stones
Press: ? - help, Q - select action, (/) - cycle Shift-Dir - straight line, f/p - orc warrior
Aim: an orc warrior, wielding a +0 flail and wearing a +0 chain mail (lightly wounded)
You throw a stone.
The stone hits the orc warrior but does no damage.
The orc warrior is lightly wounded.
The orc hits you from afar with a +0 trident.
You die...

# .#. ... .... ..#.
.## #... ..(.(
...###... .....
####......(# .S(...
###..........##(...
##............#oo# ##
.............@.# .#
#...........### .#
#).........#
.#####..........#####
.............[........
..####..........######
.## ############ .# .#


You could see an orc warrior, an adder and an orc.

Vanquished Creatures
  2 dart slugs (D:1)
  An orc (D:2)
  A ball python (D:1)
  8 bats
  4 goblins (D:1)
  5 hobgoblins (D:1)
  6 jackals (D:1)
  A frilled lizard (D:1)
  3 kobolds (D:1)
  4 rats (D:1)
35 creatures vanquished.

Notes
Turn   | Place    | Note
-------+----------+-------------------------------------------
     0 | D:1      | MaxHavoc the Hill Orc Berserker began the quest for the
                  | Orb.
     0 | D:1      | Reached XP level 1. HP: 19/19 MP: 1/1
   293 | D:1      | Reached XP level 2. HP: 27/27 MP: 2/2
   366 | D:1      | Reached XP level 3. HP: 21/33 MP: 3/3
   924 | D:1      | Reached ** piety under Trog
  1369 | D:2      | Noticed an orc warrior
  1378 | D:2      | HP: 1/33 [orc warrior/+0 flail (20)]
  1379 | D:2      | Slain by an orc

Illustrated notes

Levels and vault maps discovered:
D:1:      dpeg_arrival_connections, layout_loops_ring
D:2:      minmay_door_path, layout_rooms, dk_noncrumbling_3

Skill      XL: |  1  2  3 |
---------------+----------+-----
Fighting       | 4 |  4.1
Dodging        | 2 |  2.0
Axes           | |  4.6
Armour         | |  2.8

Action                   || total
-------------------------++-------
Melee: Hand axe          ||    93
Throw: Stone             ||    29
Invok: Berserk           ||     2
Armor: Animal skin       ||     8
       Robe              ||    14
Dodge: Dodged            ||    72

Table legend: (Time is in decaauts)
 A = Elapsed time spent in this place.
 B = Non-inter-level travel time spent in this place.
 C = Inter-level travel time spent in this place.
 D = Time resting spent in this place.
 E = Time spent auto-exploring this place.
 F = Levels seen in this place.
 G = Mean time per level.
                   A        B        C        D        E       F      G
               +--------+--------+--------+--------+--------+-----+--------+
         Total |   1401 |   1348 |     53 |    124 |    926 |   2 |  700.5 |
       Dungeon |   1401 |   1348 |     53 |    124 |    926 |   2 |  700.5 |
               +--------+--------+--------+--------+--------+-----+--------+

Top non-repeatable levels by time:
     D:1: 1354 daAuts
     D:2: 47 daAuts
